 Dungeon Crawl Stone Soup version 0.30.0-29-ga12c61a403 (webtiles) character file.

Game seed: 8317630261381808936

254 cheesebisquit the Ruffian (level 5, 0/53 HPs)
             Began as a Troll Fighter on June 13, 2023.
             Slain by an orc
             ... wielding a +0 falchion
              (3 damage)
             ... on level 5 of the Dungeon.
             The game lasted 00:10:06 (4355 turns).

cheesebisquit the Ruffian (Troll Fighter)           Turns: 4355, Time: 00:10:06

Health: 0/53       AC:  4    Str: 24    XL:     5   Next: 91%
Magic:  4/4        EV:  8    Int: 12    God:
Gold:   197        SH:  0    Dex:  9    Spells: 4/4 levels left

rFire   . .          .
                       - Unarmed
rCold   . . .        b - +0 kite shield
rNeg    . . .        a - +0 robe
rPois   .            (helmet restricted)
rElec   .            (no cloak)
rCorr   .            (gloves unavailable)
SInv    .            (boots unavailable)
Will    +....        (no amulet)
Stlth   +            i - +6 ring of intelligence
HPRegen 1.08/turn    j - ring of willpower
MPRegen 0.09/turn

%: no passive effects
@: confused
A: large, unfitting armour, claws 3, regeneration 1, shaggy fur 1, tough skin 1
a: no special abilities


You were on level 5 of the Dungeon.
You visited 1 branch of the dungeon, and saw 5 of its levels.

You collected 197 gold pieces.

Inventory:

Missiles
 s - 4 datura-tipped darts (quivered)
Armour
 a - a +0 robe (worn)
 b - a +0 kite shield (worn)
Jewellery
 i - a +6 ring of intelligence (left claw)
 j - a ring of willpower (right claw)
 u - a ring of positive energy
Wands
 A - a wand of mindburst (10)
Scrolls
 h - a scroll of enchant weapon
 k - a scroll of vulnerability {unknown}
 l - 2 scrolls of poison {unknown}
 o - a scroll of fear {unknown}
 r - a scroll of brand weapon
 t - a scroll of noise
 v - a scroll of magic mapping
 y - a scroll of immolation {unknown}
 B - 2 scrolls of teleportation {unknown}
Potions
 c - a potion of might
 d - 2 potions of lignification
 e - 5 potions of curing
 f - a potion of resistance {unknown}
 g - 2 potions of berserk rage {unknown}
 m - a potion of degeneration {unknown}
 n - a potion of ambrosia {unknown}
 p - 2 potions of heal wounds {unknown}
 q - a potion of mutation {unknown}
 w - a potion of invisibility {unknown}
 x - a potion of haste {unknown}
 z - a potion of attraction {unknown}


   Skills:
 + Level 3.4 Fighting
 - Level 2.4 Dodging
 + Level 3.7 Shields
 * Level 4.6 Unarmed Combat


You had 4 spell levels left.
You didn't know any spells.
Your spell library contained the following spells:

 Spells                   Type           Power      Damage    Failure   Level
 Cigotuvi's Dreadful Rot  Necr/Pois/Air  0%         N/A       71%         2
 Ensorcelled Hibernation  Hex/Ice        0%         N/A       71%         2
 Passwall                 Tmut/Erth      0%         N/A       71%         2
 Ignite Poison            Fire/Tmut/Pois 0%         N/A       91%         3
 Swiftness                Air            0%         N/A       91%         3
 Freezing Cloud           Conj/Ice/Air   0%         6-21      100%        5


Dungeon Overview and Level Annotations

Branches:
Dungeon (5/15)
 Temple: D:4-7

Altars:
The Shining One

Shops:
D:2 :


Innate Abilities, Weirdness & Mutations

You are too large for most types of armour.
You have claws for hands.
Your natural rate of healing is unusually fast.
You are covered in fur. (AC +1)
You have tough skin. (AC +1)


Message History

The orc priest hits you from afar with a +0 trident.
You claw the orc priest!
The orc priest is severely wounded.
The orc priest hits you with a +0 short sword.
The orc wizard barely misses you. You block the orc's attack.
The orc priest hits you but does no damage.
You scratch the orc priest.
You kill the orc priest!
The orc wizard hits you but does no damage.
You block the orc priest's attack. The orc hits you with a +0 falchion.
The orc priest barely misses you. The orc closely misses you.
The orc wizard hits you with a +0 dagger.
You see here a +0 short sword.
You barely miss the orc priest.
The orc priest mumbles some strange prayers to Beogh against you.
You resist with some effort. You block the orc's attack.
You block the orc wizard's attack.
You barely miss the orc priest. You block the orc priest's attack.
The orc barely misses you.
The orc wizard hits you with a +0 dagger.
You scratch the orc priest.
The orc priest is moderately wounded.
The orc priest hits you with a +0 trident.
* * * LOW HITPOINT WARNING * * *
The orc hits you with a +0 falchion.
* * * LOW HITPOINT WARNING * * *
The orc wizard gestures at you while chanting.
The magic dart hits you!
* * * LOW HITPOINT WARNING * * *
Okay, then.
You claw the orc priest!
The orc priest is severely wounded.
You block the orc wizard's attack. You block the orc priest's attack.
You block the orc's attack.
You scratch the orc priest.
You kill the orc priest!
The orc wizard points at you and mumbles some strange words.
You are confused.
The orc hits you with a +0 falchion.
You die...

............
#...........
.........#
.......#
#.....#
#<....#
##...##
#.o.# #@o##
#)..# .....#
...###..
...## ....
#### ###


You could see an orc wizard and an orc.

Vanquished Creatures
  2 orc priests (D:5)
  Terence (D:3)
  2 orc wizards (D:4)
  Ijyb (D:4)
  Robin (D:2)
  2 adders
  A worm (D:2)
  2 dart slugs (D:2)
  9 orcs
  5 endoplasms
  2 giant cockroaches (D:2)
  18 goblins
  4 hobgoblins
  9 kobolds
  11 ball pythons
  4 bats
  3 frilled lizards
  7 rats
84 creatures vanquished.

Vanquished Creatures (collateral kills)
  An endoplasm (D:3)
1 creature vanquished.

Grand Total: 85 creatures vanquished

Notes
Turn   | Place    | Note
-------+----------+-------------------------------------------
     0 | D:1      | cheesebisquit the Troll Fighter began the quest for the
                  | Orb.
     0 | D:1      | Reached XP level 1. HP: 22/22 MP: 0/0
   237 | D:1      | Reached XP level 2. HP: 29/29 MP: 1/1
   943 | D:2      | Reached XP level 3. HP: 36/36 MP: 2/2
   966 | D:2      | Reached skill level 3 in Unarmed Combat
   982 | D:2      | Noticed Robin
  1017 | D:2      | Killed Robin
  1019 | D:2      | Reached XP level 4. HP: 41/44 MP: 3/3
  1326 | D:2      | Found Meaclog's Book Shoppe.
  2132 | D:3      | Noticed Terence
  2142 | D:3      | Killed Terence
  2585 | D:2      | Found Meaclog's Book Shoppe.
  3846 | D:4      | Noticed Ijyb
  3850 | D:4      | Killed Ijyb
  3851 | D:4      | Reached skill level 4 in Unarmed Combat
  3851 | D:4      | Reached XP level 5. HP: 53/53 MP: 4/4
  3902 | D:4      | You fall into a shaft and drop 1 floor!
  3902 | D:5      | Entered Level 5 of the Dungeon
  4328 | D:4      | Found a glowing golden altar of the Shining One.
  4353 | D:5      | HP: 1/53 [orc wizard/magic dart (8)]
  4355 | D:5      | Slain by an orc

Illustrated notes

Levels and vault maps discovered:
D:1:      lightli_arrival_quake, layout_basic
D:2:      layout_loops_cross, serial_shops, nicolae_book_shop_shelving,
          minmay_randomly_rotated_circles, uniq_robin
D:3:      layout_loops_corners, uniq_terence
D:4:      layout_loops_ring, general_overflow_altar, uniq_ijyb
D:5:      layout_layer_cave, minmay_hedge_maze, dreamdust_wishing_well,
          uniq_eustachio

Skill      XL: |  1  2  3  4 |
---------------+-------------+-----
Shields        | 3 |  3.7
Unarmed Combat | 3 4 |  4.6
Fighting       | 3 |  3.4
Dodging        | |  2.4

Action                     |  1- 3 |  4- 6 || total
---------------------------+-------+-------++-------
  Melee: Unarmed           |    88 |   117 ||   205
  Throw: Dart              |       |     1 ||     1
    Use: Scroll            |       |     6 ||     6
 Armour: Robe              |    25 |    27 ||    52
  Dodge: Dodged            |    27 |    29 ||    56
  Block: Kite shield       |    23 |    39 ||    62
